 Dungeon Crawl Stone Soup version 0.31-a0-691-g409c26aa35 (webtiles) character file.

Game seed: 2544348421072436096

7174 qw the Skirmisher (level 11, 0/71 HPs)
             Began as a Gargoyle Hunter on Sept 6, 2023.
             Was a Priest of Okawaru.
             Slain by a death yak (16 damage)
             ... on level 1 of the Lair of Beasts.
             The game lasted 00:04:29 (8701 turns).

qw the Skirmisher (Gargoyle Hunter)                 Turns: 8701, Time: 00:04:30

Health: 0/71       AC: 28    Str: 18    XL:     11   Next: 11%
Magic:  14/14      EV: 21    Int: 10    God:    Okawaru [***...]
Gold:   66         SH:  0    Dex: 17    Spells: 10/10 levels left

rFire   + . .        Y - +0 orcbow
rCold   + . .        (shield currently unavailable)
rNeg    + . .        h - +7 ring mail "Ramy Ofos" {rF+ Str+3}
rPois   inf          i - +0 helmet
rElec   +            u - +0 cloak
rCorr   .            b - +2 pair of gloves
SInv    .            (no boots)
Will    .....        (no amulet)
Stlth   +++          k - +5 ring of evasion
HPRegen 0.31/turn    d - ring of protection from cold
MPRegen 0.14/turn

%: no passive effects
@: heroic
A: sickness immunity, AC +8, negative energy resistance 1, electricity
resistance, torment resistance 1, petrification resistance
a: Renounce Religion, Heroism


You were on level 1 of the Lair of Beasts.
You worshipped Okawaru.
Okawaru was most pleased with you.
You visited 3 branches of the dungeon, and saw 11 of its levels.

You collected 506 gold pieces.
You spent 440 gold pieces at shops.


Innate Abilities, Weirdness & Mutations

You are immune to sickness and miasma.
Your stone body is resilient. (AC +8)
You are immune to poison.
You resist negative energy. (rN+)
You are resistant to electric shocks. (rElec)
You are resistant to unholy torment.
You are immune to petrification.


   Skills:
 - Level 9.0(14.0) Fighting
 - Level 13.0(18.0) Ranged Weapons
 + Level 4.2(9.2) Armour
 - Level 4.7(9.7) Dodging
 - Level 1.1(6.1) Stealth
 - Level 4.4 Invocations


You had 10 spell levels left.
You didn't know any spells.
Your spell library was empty.

Inventory:

Hand Weapons
 Y - a +0 orcbow (weapon)
Armour
 b - a +2 pair of gloves (worn)
 h - the +7 ring mail "Ramy Ofos" (worn) {rF+ Str+3}
   (You found it on level 6 of the Dungeon)

   Str+3:     It affects your strength (+3).
   rF+:       It protects you from fire.
 i - a +0 helmet (worn)
 u - a +0 cloak (worn)
Jewellery
 d - a ring of protection from cold (right hand)
 k - a +5 ring of evasion (left hand)
 n - a ring of ice
 s - a ring of fire
 t - a ring of protection from fire
Scrolls
 a - a scroll of identify
Potions
 c - a potion of resistance
 e - 2 potions of curing
 f - 2 potions of attraction {unknown}
 g - 2 potions of enlightenment
 j - 2 potions of might
 l - a potion of cancellation
 m - a potion of haste
 p - a potion of magic
 q - a potion of mutation

Dungeon Overview and Level Annotations

Branches:
Dungeon (9/15)             Temple (1/1) D:4            Lair (1/5) D:9
    Orc: D:9-12

Altars:
Ashenzari
Cheibriados
Dithmenos
Elyvilon
Fedhas
Gozag
Hepliaklqana
Kikubaaqudgha
Makhleb
Nemelex Xobeh
Okawaru
Qazlal
Ru
Sif Muna
Trog
Uskayaw
Vehumet
Wu Jian
Xom
Zin
The Shining One

Shops:
D:2 (   D:4 (([(([   D:7 [![   D:9 !*[

Annotations:
D:3 2 transporters, qw's ghost, amateur GrHu
D:7 exclusion: 2 dart slugs


Message History

Enter note:
8690 |||
Found retreat position at 0,-1 (floor) with 0 blocking monsters and 2 monsters attacking at destination at distance 1
8690 ||| Stepping ~*~*~tactically~*~*~ (retreating).
The death yak attacks as it pursues you!
The death yak completely misses you.
You shoot an arrow.
The arrow hits the death yak but does no damage.
The death yak is lightly wounded.
The death yak gores you. The death yak completely misses you.
You shoot an arrow. The arrow hits the death yak.
The death yak is lightly wounded.
You shoot an arrow. The arrow barely misses the death yak.
The death yak gores you.
The death yak gores you but does no damage.
You shoot an arrow. The arrow barely misses the death yak.
The death yak closely misses you. The death yak misses you.
You shoot an arrow.
The arrow hits the death yak but does no damage.
The death yak is lightly wounded.
The death yak gores you. The death yak closely misses you.
You shoot an arrow. The arrow hits the death yak.
The death yak is moderately wounded.
You shoot an arrow. The arrow hits the death yak!
The death yak is heavily wounded.
The death yak gores you! The death yak barely misses you.
You shoot an arrow. The arrow hits the death yak!
The death yak is heavily wounded.
The death yak gores you but does no damage.
The death yak completely misses you.
You shoot an arrow. The arrow hits the death yak!
The death yak is severely wounded.
The death yak misses you. The death yak closely misses you.
You shoot an arrow.
The arrow hits the death yak but does no damage.
The death yak is severely wounded.
The death yak closely misses you.
You shoot an arrow. The arrow hits the death yak.
The death yak is severely wounded.
The death yak gores you!
You die...

. . ###. ####.#. #...
########.#.#.. ##...#
#@#.#.....##.#
##.....####YY.......#P.#
.......#..Y........##.#
#.....#..............##
#.}.#......[..........#
#...................#.#
.....#.#............##.####
#....%###P........#.##.#...
#..+#. ####.....#####.#...


You could see 3 death yaks.

Vanquished Creatures
  A two-headed ogre (D:5)
  A death yak (Lair:1)
  Pikel (D:6)
  A komodo dragon (Lair:1)
  A hornet (D:9)
  Prince Ribbit (D:9)
  2 wyverns
  4 yaks (D:8)
  A steam dragon (D:9)
  2 water moccasins
  3 black bears
  An orc warrior (D:9)
  An ice beast (D:5)
  3 sky beasts
  6 wolves (Lair:1)
  2 ogres
  A lemure (D:6)
  2 centaurs
  3 kobold brigands
  2 bullfrogs
  5 scorpions
  8 wights (D:9)
  4 killer bees (D:7)
  3 electric eels (D:7)
  2 hounds
  2 jellies
  5 orc priests
  A gnoll bouda (D:7)
  Terence (D:3)
  2 sleepcaps
  2 iguanas
  Ijyb (D:3)
  Natasha (thrice) (D:3)
  4 orc wizards
  A mummy (D:7)
  3 gnolls (D:7)
  6 adders
  A shadow imp (D:8)
  A white imp (D:7)
  2 ufetubi (D:4)
  A worm (D:2)
  5 dart slugs (D:7)
  16 orcs
  6 bats
  4 endoplasms
  2 giant cockroaches (D:1)
  19 goblins
  7 hobgoblins
  7 ball pythons
  5 frilled lizards
  33 kobolds
  A kobold zombie (D:7)
  An orc zombie (D:7)
  14 rats
217 creatures vanquished.

Vanquished Creatures (others)
  2 dart slugs (D:7)
2 creatures vanquished.

Grand Total: 219 creatures vanquished

Notes
Turn   | Place    | Note
-------+----------+-------------------------------------------
     0 | D:1      | qw the Gargoyle Hunter began the quest for the Orb.
     0 | D:1      | Reached XP level 1. HP: 12/12 MP: 1/1
     0 | D:1      | 0 ||| qw: Version: 0.3-a-76-g4403597
     0 | D:1      | 0 ||| qw: Game counter: 30
     0 | D:1      | 0 ||| qw: Melee chars always use a shield: true
     0 | D:1      | 0 ||| qw: God list: Okawaru
     0 | D:1      | 0 ||| qw: Allow faded altars: false
     0 | D:1      | 0 ||| qw: Do Orc after clearing Dungeon:15 true
     0 | D:1      | 0 ||| qw: Do second Lair branch before Depths: true
     0 | D:1      | 0 ||| qw: Lair rune preference: random
     0 | D:1      | 0 ||| qw: Goals: Normal
     0 | D:1      | 0 ||| PLANNING D:1-11
   241 | D:1      | Reached XP level 2. HP: 17/17 MP: 2/2
   356 | D:1      | Reached XP level 3. HP: 21/21 MP: 3/3
   415 | D:1      | Reached skill level 5 in Ranged Weapons
   439 | D:1      | 439 ||| UPGRADING to ring of protection from fire.
   440 | D:1      | 440 ||| READING 2 scrolls labelled CEMIYK MAO.
   441 | D:1      | 441 ||| READING scroll labelled EJA USUFASMEMO.
   442 | D:1      | 442 ||| READING scroll labelled VEMUQ TOQOQOAG.
   457 | D:1      | 457 ||| DROPPING scroll of butterflies.
   505 | D:2      | Found a sacrificial altar of Ru.
   632 | D:2      | 632 ||| RETREATING.
   643 | D:2      | Reached skill level 3 in Fighting
   643 | D:2      | Reached XP level 4. HP: 19/28 MP: 4/4
  1048 | D:2      | Found Kybatsom's Antique Weapon Boutique.
  1110 | D:2      | 1110 ||| UPGRADING to ring of protection from cold.
  1111 | D:2      | 1111 ||| READING scroll labelled WYOX JOONTUA.
  1112 | D:2      | 1112 ||| READING scroll labelled XOUFE WOENN.
  1113 | D:2      | 1113 ||| READING scroll labelled XER KUCVOXTIH.
  1114 | D:2      | 1114 ||| READING scroll labelled ONUBLITSOIREPT.
  1115 | D:2      | 1115 ||| DRINKING 4 murky grey potions.
  1116 | D:2      | 1116 ||| READING 2 scrolls of identify.
  1116 | D:2      | 1116 ||| IDENTIFYING golden potion
  1134 | D:3      | Noticed Terence
  1137 | D:3      | 1137 ||| RETREATING.
  1140 | D:3      | 1140 ||| Stepping ~*~*~tactically~*~*~ (retreating).
  1142 | D:3      | Reached XP level 5. HP: 24/32 MP: 5/5
  1151 | D:3      | HP: 3/32 [Terence/+5 short sword of holy wrath (10)]
  1152 | D:3      | 1152 ||| DRINKING 3 potions of heal wounds.
  1154 | D:3      | 1154 ||| DRINKING 2 potions of heal wounds.
  1157 | D:3      | Killed Terence
  1158 | D:3      | Reached skill level 6 in Ranged Weapons
  1197 | D:3      | 1197 ||| READING scroll of enchant weapon.
  1197 | D:3      | 1197 ||| ENCHANTING +1 shortbow.
  1224 | D:3      | Found a transporter.
  1237 | D:3      | Noticed Natasha
  1239 | D:3      | 1239 ||| FLEEEEING.
  1240 | D:3      | 1240 ||| FLEEEEING.
  1241 | D:3      | 1241 ||| FLEEEEING.
  1248 | D:3      | Killed Natasha
  1249 | D:3      | Reached XP level 6. HP: 34/38 MP: 6/6
  1275 | D:3      | Identified the +1 spear of Toatugh {vamp, rPois rF- rN+
                  | Int+3}
  1396 | D:3      | Found a faded altar of an unknown god.
  1477 | D:3      | Noticed Natasha
  1480 | D:3      | Killed Natasha
  1485 | D:3      | Noticed Ijyb
  1492 | D:3      | Killed Ijyb
  1661 | D:3      | Found a transporter.
  1694 | D:3      | Noticed qw's ghost (amateur GrHu)
  1885 | D:3      | Noticed Natasha
  1890 | D:3      | Killed Natasha
  1891 | D:3      | Reached skill level 7 in Ranged Weapons
  1935 | D:3      | 1935 ||| UPGRADING to +2 pair of gloves.
  1940 | D:3      | 1940 ||| UPGRADING to +0 helmet.
  1945 | D:3      | 1945 ||| DRINKING 2 emerald potions.
  2040 | D:4      | Found a hide-covered altar of Uskayaw.
  2040 | D:4      | Noticed a +0 spear
  2040 | D:4      | Noticed a +0 short sword
  2040 | D:4      | Noticed a +0 dagger
  2041 | D:4      | Noticed a +0 spear
  2042 | D:4      | Noticed a +0 dagger
  2042 | D:4      | Noticed a +0 short sword
  2042 | D:4      | Noticed a +0 falchion
  2043 | D:4      | Noticed a +0 falchion
  2138 | D:4      | Noticed a black bear
  2157 | D:4      | Killed a black bear
  2158 | D:4      | Reached XP level 7. HP: 19/43 MP: 7/7
  2354 | D:4      | Found Geogefi's Antique Armour Shoppe.
  2355 | D:4      | Found Potan's Weapon Emporium.
  2356 | D:4      | Found Mulefrah's Antique Weapon Shop.
  2356 | D:4      | Found Vetogg's Antique Armour Boutique.
  2357 | D:4      | Found Ciamief's Weapon Shop.
  2357 | D:4      | Found Hijao's Antique Weapon Shoppe.
  2363 | D:4      | 2363 ||| BUYING distressingly furry robe (142 gold).
  2363 | D:4      | Bought a distressingly furry robe for 142 gold pieces
  2363 | D:4      | Identified the +0 robe of the Maze {Dex+4} (You bought it
                  | in a shop on level 4 of the Dungeon)
  2363 | D:4      | 2363 ||| SHOPLISTING glowing robe (92 gold, have 86).
  2363 | D:4      | 2363 ||| SHOPLISTING pair of glowing gloves (187 gold, have
                  | 86).
  2363 | D:4      | 2363 ||| SHOPLISTING runed robe (92 gold, have 86).
  2582 | D:4      | Found a hazy altar of Hepliaklqana.
  2608 | D:4      | Found a staircase to the Ecumenical Temple.
  2609 | D:4      | 2609 ||| PLANNING TEMPLE
  2609 | D:4      | 2609 ||| UPGRADING to +0 robe of the Maze {Dex+4}.
  2619 | D:4      | 2619 ||| DROPPING +0 leather armour.
  2620 | D:4      | 2620 ||| READING 3 scrolls of identify.
  2620 | D:4      | 2620 ||| IDENTIFYING black potion
  2621 | D:4      | 2621 ||| READING 2 scrolls of identify.
  2621 | D:4      | 2621 ||| IDENTIFYING yellow potion
  2626 | Temple   | Entered the Ecumenical Temple
  2627 | Temple   | 2627 ||| PLANNING OKAWARU WORSHIP
  2647 | Temple   | Became a worshipper of Warmaster Okawaru
  2648 | Temple   | 2648 ||| PLANNING D:1-11
  2858 | D:4      | Found a sparkling altar of Nemelex Xobeh.
  2934 | D:4      | 2934 ||| SHOPLISTING +3 greatsling "Punk" {acid, rCorr}
                  | (782 gold, have 125).
  2938 | D:4      | 2938 ||| BUYING dyed leather armour (100 gold).
  2938 | D:4      | Bought a dyed leather armour for 100 gold pieces
  2938 | D:4      | 2938 ||| SHOPLISTING runed helmet (150 gold, have 25).
  2938 | D:4      | 2938 ||| SHOPLISTING runed scarf (160 gold, have 25).
  2987 | D:4      | Reached skill level 8 in Ranged Weapons
  3207 | D:4      | 3207 ||| DROPPING +0 leather armour of poison resistance.
  3253 | D:5      | Entered Level 5 of the Dungeon
  3273 | D:5      | Reached XP level 8. HP: 33/50 MP: 8/8
  3427 | D:5      | Reached * piety under Okawaru
  3457 | D:5      | 3457 ||| READING scroll labelled NIMIJE AFUADDO.
  3464 | D:5      | 3464 ||| DRINKING 2 green potions.
  3503 | D:5      | Noticed a two-headed ogre
  3504 | D:5      | 3504 ||| FLEEEEING.
  3505 | D:5      | 3505 ||| FLEEEEING.
  3506 | D:5      | 3506 ||| STAIRDANCE
  3510 | D:5      | 3510 ||| INVOKING Heroism.
  3517 | D:5      | HP: 6/50 [two-headed ogre/+0 giant spiked club (21)]
  3518 | D:5      | 3518 ||| DRINKING potion of heal wounds.
  3519 | D:5      | Killed a two-headed ogre
  3519 | D:5      | Reached ** piety under Okawaru
  3520 | D:5      | Reached skill level 9 in Ranged Weapons
  3531 | D:5      | 3531 ||| STAIRDANCE
  3659 | D:5      | Reached skill level 3 in Dodging
  3659 | D:5      | Reached skill level 1 in Invocations
  3947 | D:5      | 3947 ||| INVOKING Heroism.
  4168 | D:5      | Reached XP level 9. HP: 54/54 MP: 10/10
  4294 | D:5      | Found a faded altar of an unknown god.
  4294 | D:5      | Found a bloodstained altar of Trog.
  4300 | D:5      | Found a faded altar of an unknown god.
  4302 | D:5      | Found a white marble altar of Elyvilon.
  4304 | D:5      | Found a broken altar of Ashenzari.
  4357 | D:5      | 4357 ||| READING scroll labelled ZOPTOKL FIKKUCE.
  4358 | D:5      | 4358 ||| READING scroll labelled DAPELO WUBBAO.
  4459 | D:5      | 4459 ||| READING 2 scrolls of identify.
  4459 | D:5      | 4459 ||| IDENTIFYING sedimented black potion
  4460 | D:5      | 4460 ||| DROPPING potion of brilliance.
  4543 | D:4      | Found a radiant altar of Vehumet.
  4543 | D:4      | Found a shadowy altar of Dithmenos.
  4675 | D:6      | Reached skill level 6 in Fighting
  4699 | D:6      | Reached skill level 10 in Ranged Weapons
  4699 | D:6      | Reached skill level 3 in Invocations
  4762 | D:6      | Noticed Pikel
  4763 | D:6      | 4763 ||| INVOKING Heroism.
  4774 | D:6      | Killed Pikel
  4841 | D:6      | Found an opulent altar of Gozag.
  4987 | D:6      | Identified the +7 ring mail "Ramy Ofos" {rF+ Str+3}
  5206 | D:6      | 5206 ||| UPGRADING to +7 ring mail "Ramy Ofos" {rF+ Str+3}.
  5216 | D:6      | 5216 ||| DROPPING +0 robe of the Maze {Dex+4}.
  5217 | D:6      | 5217 ||| READING 2 scrolls of identify.
  5217 | D:6      | 5217 ||| IDENTIFYING fizzy orange potion
  5223 | D:7      | 5223 ||| PLANNING OSSUARY
  5223 | D:7      | 5223 ||| Stepping ~*~*~tactically~*~*~ (outnumbered).
  5224 | D:7      | 5224 ||| Stepping ~*~*~tactically~*~*~ (outnumbered).
  5225 | D:7      | 5225 ||| Stepping ~*~*~tactically~*~*~ (outnumbered).
  5226 | D:7      | 5226 ||| Stepping ~*~*~tactically~*~*~ (outnumbered).
  5227 | D:7      | 5227 ||| Stepping ~*~*~tactically~*~*~ (outnumbered).
  5228 | D:7      | 5228 ||| Stepping ~*~*~tactically~*~*~ (outnumbered).
  5229 | D:7      | 5229 ||| Stepping ~*~*~tactically~*~*~ (outnumbered).
  5231 | D:7      | 5231 ||| Stepping ~*~*~tactically~*~*~ (water).
  5232 | D:7      | 5232 ||| INVOKING Heroism.
  5267 | D:7      | 5267 ||| Stepping ~*~*~tactically~*~*~ (water).
  5268 | D:7      | 5268 ||| INVOKING Heroism.
  5410 | D:7      | 5410 ||| Stepping ~*~*~tactically~*~*~ (water).
  5423 | D:7      | 5423 ||| Stepping ~*~*~tactically~*~*~ (water).
  5424 | D:7      | 5424 ||| INVOKING Heroism.
  5431 | D:7      | Reached skill level 3 in Armour
  5512 | D:7      | Found Xuos's Distillery.
  5520 | D:7      | 5520 ||| SHOPLISTING 2 potions of cancellation (208 gold,
                  | have 87).
  5520 | D:7      | 5520 ||| SHOPLISTING 2 potions of resistance (260 gold,
                  | have 87).
  5520 | D:7      | 5520 ||| BUYING potion of curing (39 gold).
  5520 | D:7      | Bought a potion of curing for 39 gold pieces
  5520 | D:7      | 5520 ||| BUYING potion of curing (39 gold).
  5520 | D:7      | Bought a potion of curing for 39 gold pieces
  5520 | D:7      | 5520 ||| SHOPLISTING potion of enlightenment (65 gold, have
                  | 9).
  5520 | D:7      | 5520 ||| SHOPLISTING potion of haste (130 gold, have 9).
  5520 | D:7      | 5520 ||| SHOPLISTING potion of magic (104 gold, have 9).
  5576 | D:7      | 5576 ||| Stepping ~*~*~tactically~*~*~ (outnumbered).
  5577 | D:7      | 5577 ||| Stepping ~*~*~tactically~*~*~ (outnumbered).
  5578 | D:7      | 5578 ||| INVOKING Heroism.
  5579 | D:7      | 5579 ||| Stepping ~*~*~tactically~*~*~ (outnumbered).
  5584 | D:7      | 5584 ||| Stepping ~*~*~tactically~*~*~ (outnumbered).
  5586 | D:7      | 5586 ||| Stepping ~*~*~tactically~*~*~ (outnumbered).
  5596 | D:7      | 5596 ||| Stepping ~*~*~tactically~*~*~ (retreating).
  5620 | D:7      | 5620 ||| RETREATING.
  5621 | D:7      | 5621 ||| Stepping ~*~*~tactically~*~*~ (retreating).
  5622 | D:7      | 5622 ||| Stepping ~*~*~tactically~*~*~ (retreating).
  5623 | D:7      | 5623 ||| Stepping ~*~*~tactically~*~*~ (retreating).
  5651 | D:7      | 5651 ||| INVOKING Heroism.
  5678 | D:7      | 5678 ||| FLEEEEING.
  5737 | D:7      | Found Egaozep's Antique Armour Shop.
  5740 | D:7      | 5740 ||| SHOPLISTING glowing ring mail (196 gold, have 17).
  5740 | D:7      | 5740 ||| SHOPLISTING pair of runed boots (210 gold, have
                  | 17).
  5784 | D:7      | 5784 ||| INVOKING Heroism.
  5867 | D:7      | 5867 ||| RIP OSSUARY
  5910 | D:7      | 5910 ||| PLANNING D:1-11
  6030 | D:7      | Reached skill level 11 in Ranged Weapons
  6285 | D:7      | Found Gaenaha's Armour Shoppe.
  6289 | D:7      | 6289 ||| SHOPLISTING +2 cloak of willpower (301 gold, have
                  | 29).
  6382 | D:7      | 6382 ||| DROPPING +6 ring of intelligence.
  6383 | D:7      | 6383 ||| READING 3 scrolls of identify.
  6383 | D:7      | 6383 ||| IDENTIFYING cyan potion
  6384 | D:7      | 6384 ||| READING 2 scrolls of identify.
  6384 | D:7      | 6384 ||| IDENTIFYING blue potion
  6385 | D:7      | 6385 ||| DROPPING potion of invisibility.
  6417 | D:8      | 6417 ||| INVOKING Heroism.
  6438 | D:8      | Reached XP level 10. HP: 63/63 MP: 13/13
  6449 | D:8      | 6449 ||| INVOKING Heroism.
  6547 | D:8      | 6547 ||| RETREATING.
  6588 | D:8      | 6588 ||| INVOKING Heroism.
  6623 | D:8      | 6623 ||| INVOKING Heroism.
  6728 | D:8      | 6728 ||| SWAPPING to +0 orcbow.
  6729 | D:8      | 6729 ||| DROPPING +2 shortbow.
  6741 | D:8      | 6741 ||| INVOKING Heroism.
  6794 | D:8      | Identified the +4 bardiche of a bazaar {flame, rElec rPois}
  6920 | D:8      | 6920 ||| READING scroll labelled SEJICI TEOWEUH.
  6924 | D:8      | 6924 ||| Stepping ~*~*~tactically~*~*~ (cloud).
  7152 | D:8      | 7152 ||| INVOKING Heroism.
  7389 | D:8      | 7389 ||| READING scroll labelled LOERELAEKHI.
  7431 | D:9      | 7431 ||| INVOKING Heroism.
  7432 | D:9      | 7432 ||| STAIRDANCE
  7434 | D:8      | 7434 ||| DRINKING 4 potions of curing.
  7434 | D:8      | 7434 ||| (to cure confusion)
  7440 | D:8      | Reached skill level 12 in Ranged Weapons
  7458 | D:9      | 7458 ||| INVOKING Heroism.
  7482 | D:9      | Found Reogaula's General Store.
  7496 | D:9      | 7496 ||| INVOKING Heroism.
  7626 | D:9      | Found Vits's Distillery.
  7634 | D:9      | 7634 ||| SHOPLISTING 2 potions of enlightenment (150 gold,
                  | have 99).
  7634 | D:9      | 7634 ||| SHOPLISTING potion of haste (150 gold, have 99).
  7634 | D:9      | 7634 ||| BUYING potion of heal wounds (75 gold).
  7634 | D:9      | Bought a potion of heal wounds for 75 gold pieces
  7637 | D:9      | Identified the +1 leather armour "Jyanwez" {rF+ Dex+4}
  7643 | D:9      | Found a staircase to the Lair.
  7678 | D:9      | Noticed Prince Ribbit
  7690 | D:9      | Killed Prince Ribbit
  7733 | D:9      | 7733 ||| Stepping ~*~*~tactically~*~*~ (water).
  7815 | D:9      | 7815 ||| DRINKING 3 potions of curing.
  7815 | D:9      | 7815 ||| (to cure confusion)
  7823 | D:9      | 7823 ||| Stepping ~*~*~tactically~*~*~ (outnumbered).
  8036 | D:9      | 8036 ||| Stepping ~*~*~tactically~*~*~ (retreating).
  8037 | D:9      | 8037 ||| Stepping ~*~*~tactically~*~*~ (retreating).
  8043 | D:9      | 8043 ||| INVOKING Heroism.
  8048 | D:9      | Reached skill level 13 in Ranged Weapons
  8188 | D:9      | Found Amewkedd's Armour Boutique.
  8203 | D:9      | 8203 ||| BUYING +0 cloak (45 gold).
  8203 | D:9      | Bought a +0 cloak for 45 gold pieces
  8278 | D:9      | 8278 ||| PLANNING LAIR
  8278 | D:9      | 8278 ||| UPGRADING to +0 cloak.
  8283 | D:9      | 8283 ||| UPGRADING to +5 ring of evasion.
  8285 | D:9      | 8285 ||| DROPPING ring of protection from cold.
  8286 | D:9      | 8286 ||| READING scroll labelled VUES TESCHIC.
  8287 | D:9      | 8287 ||| READING 3 scrolls of identify.
  8287 | D:9      | 8287 ||| IDENTIFYING metallic green potion
  8288 | D:9      | 8288 ||| READING 2 scrolls of identify.
  8288 | D:9      | 8288 ||| IDENTIFYING clear potion
  8289 | D:9      | 8289 ||| DROPPING potion of berserk rage.
  8331 | Lair:1   | Entered Level 1 of the Lair of Beasts
  8406 | Lair:1   | 8406 ||| INVOKING Heroism.
  8434 | Lair:1   | 8434 ||| RETREATING.
  8437 | Lair:1   | 8437 ||| Stepping ~*~*~tactically~*~*~ (retreating).
  8438 | Lair:1   | 8438 ||| Stepping ~*~*~tactically~*~*~ (retreating).
  8439 | Lair:1   | 8439 ||| Stepping ~*~*~tactically~*~*~ (retreating).
  8440 | Lair:1   | 8440 ||| Stepping ~*~*~tactically~*~*~ (retreating).
  8441 | Lair:1   | 8441 ||| Stepping ~*~*~tactically~*~*~ (retreating).
  8442 | Lair:1   | 8442 ||| Stepping ~*~*~tactically~*~*~ (retreating).
  8458 | Lair:1   | Reached *** piety under Okawaru
  8459 | Lair:1   | Reached skill level 9 in Fighting
  8501 | Lair:1   | Reached XP level 11. HP: 52/71 MP: 14/14
  8505 | Lair:1   | 8505 ||| INVOKING Heroism.
  8644 | Lair:1   | Noticed a death yak
  8645 | Lair:1   | 8645 ||| INVOKING Heroism.
  8646 | Lair:1   | Noticed a death yak
  8647 | Lair:1   | 8647 ||| RETREATING.
  8647 | Lair:1   | Noticed a death yak
  8648 | Lair:1   | Noticed a death yak
  8673 | Lair:1   | 8673 ||| INVOKING Heroism.
  8680 | Lair:1   | Killed a death yak
  8684 | Lair:1   | 8684 ||| Stepping ~*~*~tactically~*~*~ (retreating).
  8685 | Lair:1   | 8685 ||| Stepping ~*~*~tactically~*~*~ (retreating).
  8686 | Lair:1   | 8686 ||| Stepping ~*~*~tactically~*~*~ (retreating).
  8686 | Lair:1   | HP: 12/71 [death yak (13)]
  8687 | Lair:1   | 8687 ||| DRINKING potion of heal wounds.
  8688 | Lair:1   | 8688 ||| Stepping ~*~*~tactically~*~*~ (retreating).
  8689 | Lair:1   | 8689 ||| Stepping ~*~*~tactically~*~*~ (retreating).
  8690 | Lair:1   | 8690 ||| Stepping ~*~*~tactically~*~*~ (retreating).
  8697 | Lair:1   | HP: 15/71 [death yak (10)]
  8701 | Lair:1   | Slain by a death yak

Levels and vault maps discovered:
D:1:      dpeg_arrival_three_same_balls, layout_rooms, hex_large
D:2:      layout_basic, basic_altar, serial_shops,
          nicolae_shop_just_a_little_nook, minivault_27,
          chequers_serial_rivers_room_a, minivault_19
D:3:      layout_basic, gammafunk_ghost_gnarly_gnolls,
          ebering_ecumenical_altar_hall, dreamdust_princess_corridor,
          uniq_terence, uniq_ijyb, uniq_natasha
D:4:      layout_cave_pods, nicolae_overflow_hidden_temple,
          nicolae_uskayaw_en_pointe, temple_doors_e, nicolae_wooded_promenade,
          minmay_ogre_servants
D:5:      layout_loops_corners, chequers_temple_overflow_minitemple
D:6:      layout_loops_cross, lemuel_doored_altar, uniq_pikel
D:7:      kennysheep_slugbush, layout_basic, nicolae_ossuary_entry_giza,
          serial_shops, shop, nicolae_stop_n_shop_2, shop, grunt_decor_clamped,
          minmay_misc_feat_secret_circle
D:8:      kennysheep_kobold_camp, layout_basic, feat_on_display
D:9:      layout_rooms, dpeg_oklobed_lair, serial_shops, shop, shop, shop,
          nrook_mini_backslash, hangedman_abyss_or_decor_clamps,
          hangedman_abyss_or_decor_lesser_grid, kennysheep_nondescript,
          st_stairs_6, chequers_serial_rivers_marsh, uniq_prince_ribbit1
Temple:   minmay_temple_bridge_abc
Lair:1:   layout_cave_pods, grunt_megastairs_1

Skill      XL: |  1  2  3  4  5  6  7  8  9 10 11 |
---------------+----------------------------------+-----
Ranged Weapons | 5 6 7 8 9 11 13 | 13.0
Fighting       | 3 4 5 7 9 |  9.0
Armour         | 2 3 4 |  4.2
Dodging        | 2 3 4 |  4.7
Invocations    | 1 4 |  4.4
Stealth        | |  1.1

Action                     |  1- 3 |  4- 6 |  7- 9 | 10-12 || total
---------------------------+-------+-------+-------+-------++-------
   Fire: Shortbow          |    96 |   157 |   348 |    72 ||   673
         Orcbow            |       |       |       |   374 ||   374
 Invoke: Heroism           |       |       |    10 |    13 ||    23
    Use: Scroll            |     3 |     6 |     9 |     5 ||    23
         Potion            |       |     4 |     2 |     3 ||     9
 Armour: Leather armour    |    16 |    63 |    19 |       ||    98
         Robe              |       |       |    38 |       ||    38
         Ring mail         |       |       |   134 |   202 ||   336
  Dodge: Dodged            |    19 |    43 |   156 |   223 ||   441

Table legend:
 A = Non-vault XP
 B = Vault XP
 C = Vault XP percentage of total XP
 D = Non-vault monster count
 E = Vault monster count
 F = Vault count percentage of total count
                 A         B        C        D         E       F
            +---------+---------+-------+---------+---------+-------
      Total |    7429 |    2820 |  27.5 |     165 |      51 |  23.6
            +---------+---------+-------+---------+---------+-------
        D:1 |      43 |       0 |   0.0 |      30 |       0 |   0.0
        D:2 |     117 |       0 |   0.0 |      18 |       0 |   0.0
        D:3 |     211 |     109 |  34.1 |      20 |       3 |  13.0
        D:4 |     574 |     129 |  18.3 |      12 |       9 |  42.9
        D:5 |    1195 |       0 |   0.0 |      10 |       0 |   0.0
        D:6 |     355 |     607 |  63.1 |       6 |       1 |  14.3
        D:7 |    1149 |      38 |   3.2 |      21 |       8 |  27.6
        D:8 |    1645 |     123 |   7.0 |      21 |      21 |  50.0
        D:9 |    1620 |     310 |  16.1 |      25 |       2 |   7.4
     Lair:1 |     520 |    1504 |  74.3 |       2 |       7 |  77.8
            +---------+---------+-------+---------+---------+-------
